TOP OF THE 1ST |
Milwaukee Brewers batting - Pitching for Cleveland Spiders : RHP Vinny Mendoza
|
Pitching: RHP Vinny Mendoza
|
|
Batting: RHB Steve Sax
|
0-0: Foul Ball, location: 2F 0-1: Fly out, F4 (Line Drive, 4, EV 63.8 MPH)
|
Batting: LHB Von Hayes
|
0-0: Swinging Strike 0-1: Ball 1-1: Foul Ball, location: 2F 1-2: Ball 2-2: Foul Ball, location: 2F 2-2: Ball 3-2: Base on Balls
|
Batting: SHB Eddie Murray
|
0-0: Ball 1-0: Fly out, F2 (Popup, 25F, EV 83.1 MPH)
|
Batting: RHB Mike Schmidt
|
0-0: Called Strike 0-1: Foul Ball, location: 2F 0-2: Ball Von Hayes steals 2nd base (no throw) 1-2: Foul Ball, location: 2F 1-2: Ball 2-2: Ball 3-2: Fly out, F8 (Flyball, 8LXD, EV 96.3 MPH)
|
Top of the 1st over - 0 runs, 0 hits, 0 errors, 1 left on base; Milwaukee 0 - Cleveland 0 |
BOTTOM OF THE 1ST |
Cleveland Spiders batting - Pitching for Milwaukee Brewers : LHP Atlee Hammaker
|
Pitching: LHP Atlee Hammaker
|
|
Batting: SHB Bump Wills
|
0-0: Ball 1-0: Ground out 6-3 (Groundball, 6, EV 91.9 MPH)
|
Batting: RHB Tom Brunansky
|
0-0: Called Strike 0-1: Ball 1-1: Foul Ball, location: 2F 1-2: Fly out, F3 (Popup, 3S, EV 75.0 MPH)
|
Batting: RHB Gary Gaetti
|
0-0: Ball 1-0: Ball 2-0: Swinging Strike 2-1: Foul Ball, location: 2F 2-2: Ball 3-2: Foul Ball, location: 2F 3-2: Foul Ball, location: 2F 3-2: Base on Balls
|
Batting: SHB Salvador Perez
|
0-0: Ball 1-0: Ball 2-0: Ball 3-0: Called Strike 3-1: Base on Balls Gary Gaetti to second
|
Batting: RHB Clayton Elliott
|
0-0: Foul Ball, location: 2F 0-1: Ball Wild Pitch! Gary Gaetti to third Salvador Perez to second 1-1: Ball 2-1: Ball 3-1: Foul Ball, location: 2F 3-2: Fly out, F7 (Flyball, 7LD, EV 86.9 MPH)
|
Bottom of the 1st over - 0 runs, 0 hits, 0 errors, 2 left on base; Milwaukee 0 - Cleveland 0 |
TOP OF THE 2ND |
Milwaukee Brewers batting - Pitching for Cleveland Spiders : RHP Vinny Mendoza
|
Batting: LHB Denny Walling
|
0-0: Ground out 4-3 (Groundball, 4, EV 97.5 MPH)
|
Batting: RHB Ken Landreaux
|
0-0: Swinging Strike 0-1: Fly out, F7 (Flyball, 7LM, EV 91.3 MPH)
|
Pitching: LHP Gary Williams
|
|
Batting: RHB Glenn Davis
|
0-0: Called Strike 0-1: Ball 1-1: Ball 2-1: Ball 3-1: Called Strike 3-2: Strikes out swinging
|
Top of the 2nd over - 0 runs, 0 hits, 0 errors, 0 left on base; Milwaukee 0 - Cleveland 0 |
BOTTOM OF THE 2ND |
Cleveland Spiders batting - Pitching for Milwaukee Brewers : LHP Atlee Hammaker
|
Batting: RHB Alan Trammell
|
0-0: SINGLE (Groundball, 34D, EV 106.3 MPH)
|
Batting: RHB Cressy Pratt
|
0-0: Called Strike 0-1: Foul Ball, location: 2F 0-2: Foul Ball, location: 2F 0-2: DOUBLE (Flyball, 78XD, EV 109.4 MPH) Alan Trammell to third
|
Batting: RHB Kevin Bell
|
0-0: Ball 1-0: Fly out, F9 (Flyball, 9, EV 87.5 MPH) Runner from 3rd tags up, SCORES, throw by RF Cressy Pratt to third
|
Batting: RHB Lance Parrish
|
0-0: Ball 1-0: Foul Ball, location: 2F 1-1: Ball 2-1: Called Strike 2-2: Strikes out swinging
|
Batting: SHB Bump Wills
|
0-0: Ball 1-0: Ball 2-0: Ball Wild Pitch! Cressy Pratt scores 3-0: Base on Balls
|
Batting: RHB Tom Brunansky
|
0-0: Ball 1-0: Ball 2-0: Foul Ball, location: 2F 2-1: Fielders Choice at 2nd, 6-4 (Groundball, 6, EV 82.5 MPH)
|
Bottom of the 2nd over - 2 runs, 2 hits, 0 errors, 1 left on base; Milwaukee 0 - Cleveland 2 |
TOP OF THE 3RD |
Milwaukee Brewers batting - Pitching for Cleveland Spiders : LHP Gary Williams
|
Batting: RHB Kevin Buckley
|
0-0: Swinging Strike 0-1: Ball 1-1: Ball 2-1: Ground out 6-3 (Groundball, 6, EV 85.0 MPH)
|
Batting: SHB Alfredo Griffin
|
0-0: Swinging Strike 0-1: Ball 1-1: SINGLE (Line Drive, 78M, EV 111.9 MPH)
|
Batting: RHB Steve Sax
|
0-0: Fly out, F8 (Flyball, 78S, EV 84.4 MPH)
|
Batting: LHB Von Hayes
|
0-0: Ball 1-0: Fly out, F5 (Popup, 56S, EV 65.6 MPH)
|
Top of the 3rd over - 0 runs, 1 hit, 0 errors, 1 left on base; Milwaukee 0 - Cleveland 2 |
BOTTOM OF THE 3RD |
Cleveland Spiders batting - Pitching for Milwaukee Brewers : LHP Atlee Hammaker
|
Batting: RHB Gary Gaetti
|
0-0: Ball 1-0: Called Strike 1-1: Foul Ball, location: 2F 1-2: Foul Ball, location: 2F 1-2: Strikes out swinging
|
Batting: SHB Salvador Perez
|
0-0: Called Strike 0-1: Ball 1-1: Ball 2-1: Fly out, F8 (Line Drive, 8RM, EV 91.9 MPH)
|
Batting: RHB Clayton Elliott
|
0-0: Called Strike 0-1: Ball 1-1: Ball 2-1: Foul Ball, location: 2F 2-2: Ball 3-2: Ground out 6-3 (Groundball, 56, EV 80.6 MPH)
|
Bottom of the 3rd over - 0 runs, 0 hits, 0 errors, 0 left on base; Milwaukee 0 - Cleveland 2 |
TOP OF THE 4TH |
Milwaukee Brewers batting - Pitching for Cleveland Spiders : LHP Gary Williams
|
Batting: SHB Eddie Murray
|
0-0: Swinging Strike 0-1: Ball 1-1: Swinging Strike 1-2: Ground out 4-3 (Groundball, 4, EV 104.4 MPH)
|
Batting: RHB Mike Schmidt
|
0-0: Ball 1-0: Ball 2-0: Called Strike 2-1: Ball 3-1: Fly out, F9 (Flyball, 8RM, EV 78.1 MPH)
|
Batting: LHB Denny Walling
|
0-0: Called Strike 0-1: Called Strike 0-2: Ball 1-2: Ball 2-2: Ball 3-2: Base on Balls
|
Batting: RHB Ken Landreaux
|
0-0: Fielders Choice at 2nd, 6-4 (Groundball, 6, EV 86.9 MPH)
|
Top of the 4th over - 0 runs, 0 hits, 0 errors, 1 left on base; Milwaukee 0 - Cleveland 2 |
BOTTOM OF THE 4TH |
Cleveland Spiders batting - Pitching for Milwaukee Brewers : LHP Atlee Hammaker
|
Batting: RHB Alan Trammell
|
0-0: Ground out 6-3 (Groundball, 6, EV 84.4 MPH)
|
Batting: RHB Cressy Pratt
|
0-0: Called Strike 0-1: Called Strike 0-2: Strikes out swinging
|
Batting: RHB Kevin Bell
|
0-0: Hit by Pitch
|
Batting: RHB Lance Parrish
|
0-0: Ball 1-0: SINGLE (Line Drive, 5D, EV 105.6 MPH) Kevin Bell to second Runner from 2nd tries for 3rd, SAFE, no throw by LF
|
Batting: SHB Bump Wills
|
0-0: Called Strike 0-1: Ball 1-1: Ball 2-1: Foul Ball, location: 2F 2-2: Strikes out looking
|
Bottom of the 4th over - 0 runs, 1 hit, 0 errors, 2 left on base; Milwaukee 0 - Cleveland 2 |
TOP OF THE 5TH |
Milwaukee Brewers batting - Pitching for Cleveland Spiders : LHP Gary Williams
|
Batting: RHB Glenn Davis
|
0-0: SINGLE (Line Drive, 78S, EV 103.1 MPH)
|
Batting: RHB Kevin Buckley
|
0-0: Ball 1-0: Called Strike 1-1: Bunt missed! 1-2: Strikes out swinging
|
Batting: SHB Alfredo Griffin
|
0-0: Ball 1-0: Fielders Choice at 2nd, 4-6 (Groundball, 4, EV 83.8 MPH)
|
Batting: RHB Steve Sax
|
0-0: Ball 1-0: Fly out, F9 (Flyball, 9S, EV 85.6 MPH)
|
Top of the 5th over - 0 runs, 1 hit, 0 errors, 1 left on base; Milwaukee 0 - Cleveland 2 |
BOTTOM OF THE 5TH |
Cleveland Spiders batting - Pitching for Milwaukee Brewers : LHP Atlee Hammaker
|
Batting: RHB Tom Brunansky
|
0-0: Ball 1-0: Called Strike 1-1: Foul Ball, location: 2F 1-2: Ball 2-2: Ball 3-2: SOLO HOME RUN (Flyball, 78XD, EV 105.0 MPH), Distance : 402 ft
|
Batting: RHB Gary Gaetti
|
0-0: Ball 1-0: DOUBLE (Flyball, 78XD, EV 106.3 MPH)
|
Batting: SHB Salvador Perez
|
0-0: Ball 1-0: Ball 2-0: Called Strike 2-1: Ground out 5-3 (Groundball, 56, EV 80.0 MPH)
|
Batting: RHB Clayton Elliott
|
0-0: Ball Gary Gaetti steals 3rd base 1-0: Ball 2-0: Foul Ball, location: 2F 2-1: Foul Ball, location: 2F 2-2: Ball 3-2: Foul Ball, location: 2F 3-2: Foul Ball, location: 2F 3-2: Fly out, F8 (Flyball, 8LD, EV 107.5 MPH) Runner from 3rd tags up, SCORES, throw by CF
|
Batting: RHB Alan Trammell
|
0-0: Called Strike 0-1: Called Strike 0-2: DOUBLE (Line Drive, 5D, EV 107.5 MPH)
|
Batting: RHB Cressy Pratt
|
0-0: Ball 1-0: Ball 2-0: Ball 3-0: Called Strike 3-1: SINGLE (Groundball, 56D, EV 108.8 MPH) Alan Trammell to third Runner from 3rd tries for Home, SAFE, throw by LF to home
|
Batting: RHB Kevin Bell
|
0-0: Called Strike 0-1: Ball 1-1: Fly out, F7 (Flyball, 7, EV 86.3 MPH)
|
Bottom of the 5th over - 3 runs, 4 hits, 0 errors, 1 left on base; Milwaukee 0 - Cleveland 5 |
TOP OF THE 6TH |
Milwaukee Brewers batting - Pitching for Cleveland Spiders : LHP Gary Williams
|
Batting: LHB Von Hayes
|
0-0: Swinging Strike 0-1: Ball 1-1: Ball 2-1: DOUBLE (Flyball, 8LXD, EV 103.1 MPH)
|
Batting: SHB Eddie Murray
|
0-0: Ball 1-0: Called Strike 1-1: Ball 2-1: Ground out 4-3 (Groundball, 4, EV 86.9 MPH) Von Hayes to third
|
Batting: RHB Mike Schmidt
|
0-0: Called Strike 0-1: Foul Ball, location: 2F 0-2: Foul Ball, location: 2F 0-2: Hit by Pitch
|
Batting: LHB Denny Walling
|
0-0: Ball 1-0: Called Strike 1-1: Ball 2-1: Swinging Strike Balk! Von Hayes scores Mike Schmidt to second 2-2: SINGLE (Line Drive, 8LS, EV 95.6 MPH) Mike Schmidt to third Runner from 3rd tries for Home, SAFE, throw by CF to home
|
Pitching: RHP Bill Laskey
|
|
Batting: RHB Ken Landreaux
|
0-0: Ball 1-0: Called Strike 1-1: Ball 2-1: Fly out, F9 (Flyball, 9S, EV 80.0 MPH)
|
Batting: RHB Glenn Davis
|
0-0: Ball 1-0: Swinging Strike 1-1: Ball 2-1: Fly out, F9 (Flyball, 9LD, EV 87.5 MPH)
|
Top of the 6th over - 2 runs, 2 hits, 0 errors, 1 left on base; Milwaukee 2 - Cleveland 5 |
BOTTOM OF THE 6TH |
Cleveland Spiders batting - Pitching for Milwaukee Brewers : LHP Atlee Hammaker
|
Batting: RHB Lance Parrish
|
0-0: Ball 1-0: Ball 2-0: Called Strike 2-1: Fly out, F8 (Flyball, 8RXD, EV 85.0 MPH)
|
Batting: SHB Bump Wills
|
0-0: Fly out, F7 (Flyball, 7, EV 85.6 MPH)
|
Batting: RHB Tom Brunansky
|
0-0: Ball 1-0: Ball 2-0: Foul Ball, location: 2F 2-1: Swinging Strike 2-2: Ball 3-2: Foul Ball, location: 2F 3-2: Foul Ball, location: 2F 3-2: SOLO HOME RUN (Flyball, 7LD, EV 105.0 MPH), Distance : 393 ft
|
Pitching: RHP Carlos Martinez
|
|
Batting: RHB Gary Gaetti
|
0-0: Called Strike 0-1: Ball 1-1: Ball 2-1: Foul Ball, location: 2F 2-2: Ball 3-2: Foul Ball, location: 2F 3-2: Fly out, F7 (Flyball, 7D, EV 91.3 MPH)
|
Bottom of the 6th over - 1 run, 1 hit, 0 errors, 0 left on base; Milwaukee 2 - Cleveland 6 |
TOP OF THE 7TH |
Milwaukee Brewers batting - Pitching for Cleveland Spiders : RHP Bill Laskey
|
Batting: RHB Kevin Buckley
|
0-0: Swinging Strike 0-1: Ball 1-1: Ball 2-1: Swinging Strike 2-2: Strikes out swinging
|
Batting: SHB Alfredo Griffin
|
0-0: Called Strike 0-1: Ball 1-1: Foul Ball, location: 2F 1-2: Ball 2-2: Strikes out looking
|
Batting: RHB Steve Sax
|
0-0: Ball 1-0: Swinging Strike 1-1: Foul Ball, location: 2F 1-2: Ball 2-2: Ground out 5-3 (Groundball, 5L, EV 90.0 MPH)
|
Top of the 7th over - 0 runs, 0 hits, 0 errors, 0 left on base; Milwaukee 2 - Cleveland 6 |
BOTTOM OF THE 7TH |
Cleveland Spiders batting - Pitching for Milwaukee Brewers : RHP Carlos Martinez
|
Batting: SHB Salvador Perez
|
0-0: Called Strike 0-1: Foul Ball, location: 2F 0-2: Strikes out swinging
|
Batting: RHB Clayton Elliott
|
0-0: Ball 1-0: Ball 2-0: SOLO HOME RUN (Flyball, 9D, EV 110.6 MPH), Distance : 391 ft
|
Batting: RHB Alan Trammell
|
0-0: Called Strike 0-1: Swinging Strike 0-2: Strikes out swinging
|
Batting: RHB Cressy Pratt
|
0-0: Called Strike 0-1: Called Strike 0-2: Foul Ball, location: 2F 0-2: Strikes out swinging
|
Bottom of the 7th over - 1 run, 1 hit, 0 errors, 0 left on base; Milwaukee 2 - Cleveland 7 |
TOP OF THE 8TH |
Milwaukee Brewers batting - Pitching for Cleveland Spiders : RHP Bill Laskey
|
Batting: LHB Von Hayes
|
0-0: Foul Ball, location: 2F 0-1: Ball 1-1: SINGLE (Line Drive, 34D, EV 96.3 MPH)
|
Batting: SHB Eddie Murray
|
0-0: Called Strike 0-1: Ball 1-1: Swinging Strike 1-2: Ball 2-2: Ball 3-2: Ground out 4-3 (Groundball, 4, EV 101.9 MPH) Von Hayes to second
|
Batting: RHB Mike Schmidt
|
0-0: SINGLE (Flyball, 78S, EV 91.9 MPH) Von Hayes to third Runner from 3rd tries for Home, SAFE, throw by LF to home
|
Batting: LHB Denny Walling
|
0-0: Ball 1-0: Fly out, F9 (Flyball, 9D, EV 98.1 MPH)
|
Batting: RHB Ken Landreaux
|
0-0: Called Strike 0-1: Ground out 4-3 (Groundball, 34, EV 84.4 MPH)
|
Top of the 8th over - 1 run, 2 hits, 0 errors, 1 left on base; Milwaukee 3 - Cleveland 7 |
BOTTOM OF THE 8TH |
Cleveland Spiders batting - Pitching for Milwaukee Brewers : RHP Carlos Martinez
|
Batting: RHB Kevin Bell
|
0-0: Ball 1-0: Ball 2-0: Swinging Strike 2-1: Foul Ball, location: 2F 2-2: Foul Ball, location: 2F 2-2: Ball 3-2: Fly out, F7 (Flyball, 78D, EV 93.1 MPH)
|
Batting: RHB Lance Parrish
|
0-0: Fly out, F8 (Flyball, 78D, EV 85.0 MPH)
|
Batting: SHB Bump Wills
|
0-0: Called Strike 0-1: Called Strike 0-2: Fly out, F6 (Flyball, 56D, EV 81.9 MPH)
|
Bottom of the 8th over - 0 runs, 0 hits, 0 errors, 0 left on base; Milwaukee 3 - Cleveland 7 |
TOP OF THE 9TH |
Milwaukee Brewers batting - Pitching for Cleveland Spiders : RHP Bill Laskey
|
Batting: RHB Glenn Davis
|
0-0: Ball 1-0: DOUBLE (Line Drive, 7LS, EV 96.3 MPH)
|
Batting: RHB Kevin Buckley
|
0-0: 2-RUN HOME RUN (Flyball, 7D, EV 98.1 MPH), Distance : 381 ft
|
Pitching: RHP Omar Huaman
|
|
Batting: SHB Alfredo Griffin
|
0-0: Ball 1-0: Called Strike 1-1: Called Strike 1-2: Foul Ball, location: 2F 1-2: Foul Ball, location: 2F 1-2: Strikes out swinging
|
Batting: RHB Steve Sax
|
0-0: Called Strike 0-1: Ball 1-1: Ball 2-1: Ground out U3 (Groundball, 34, EV 105.0 MPH)
|
Batting: LHB Von Hayes
|
0-0: Ball 1-0: Called Strike 1-1: Ball 2-1: DOUBLE (Flyball, 8LXD, EV 103.8 MPH)
|
Batting: SHB Eddie Murray
|
0-0: Foul Ball, location: 2F 0-1: SINGLE (Groundball, 25, EV 66.3 MPH) (infield hit) Von Hayes to third
|
Batting: RHB Mike Schmidt
|
0-0: Ball 1-0: DOUBLE (Line Drive, 8RD, EV 106.9 MPH) Von Hayes scores Eddie Murray to third Runner from 3rd tries for Home, SAFE, no throw by CF
|
Batting: LHB Denny Walling
|
0-0: Intentional Walk
|
Batting: RHB Ken Landreaux
|
0-0: Ball 1-0: Foul Ball, location: 2F 1-1: Foul Ball, location: 2F 1-2: Fielders Choice at 2nd, 5-4 (Groundball, 56, EV 86.9 MPH)
|
Top of the 9th over - 4 runs, 5 hits, 0 errors, 2 left on base; Milwaukee 7 - Cleveland 7 |
BOTTOM OF THE 9TH |
Cleveland Spiders batting - Pitching for Milwaukee Brewers : RHP Carlos Martinez
|
Batting: RHB Tom Brunansky
|
0-0: Ball 1-0: Ball 2-0: Ball 3-0: Base on Balls
|
Batting: RHB Gary Gaetti
|
0-0: Ball 1-0: DOUBLE (Line Drive, 7LM, EV 101.3 MPH) Tom Brunansky to third Runner from 3rd tries for Home, SAFE, throw by LF to trailing runner, SAFE at third!
|
Bottom of the 9th over - 1 run, 1 hit, 0 errors, 0 left on base; Milwaukee 7 - Cleveland 8 |
|